Map: [ESL] Waterfall

Players

trigger - Winner!

  • Race: Protoss Protoss
  • Spawn Location: 1:00

Astrea

  • Race: Protoss Protoss
  • Spawn Location: 7:00

Event: DreamHack SC2 Masters 2022 Atlanta (Online)

VOD

Have the link to the VOD?

Description

Time

  • Played on: Oct. 12, 2022, 4:33 p.m.
  • Length: 13:15

All games in this series

Show
View Real Time Build Order
Export as new Build Order

trigger Protoss - Winner!

Build Orders: Phoenix Opening 

Get SALT Encoding   

  12  0:00  Probe  
  13  0:12  Probe  
  14  0:18  Pylon  
  14  0:24  Probe (Chrono Boost)  
  15  0:37  Probe (Chrono Boost)  
  15  0:38  Gateway  
  16  0:45  Probe (Chrono Boost)  
  16  0:47  Assimilator  
  17  0:51  Probe  
  18  1:03  Probe (Chrono Boost)  
  19  1:06  Assimilator  
  19  1:08  Pylon  
  19  1:12  Probe (Chrono Boost)  
  19  1:17  Probe (Chrono Boost)  
  21  1:27  Cybernetics Core  
  21  1:29  Probe  
  22  1:33  Zealot  
  24  1:41  Probe  
  25  1:53  Probe  
  26  2:02  Pylon  
  26  2:04  Stargate, Stalker (Chrono Boost)  
  28  2:14  Pylon  
  28  2:15  Probe  
  29  2:27  Stalker  
  31  2:33  Warp Gate  
  31  2:47  Phoenix (Chrono Boost)  
  33  3:02  Nexus  
  32  3:11  Phoenix (Chrono Boost)  
  32  3:12  Probe  
  35  3:24  Probe  
  36  3:27  Phoenix  
  38  3:41  Probe  
  35  3:53  Probe  
  36  4:00  Gateway  
  36  4:02  Gateway  
  36  4:06  Probe (Chrono Boost)  
  36  4:09  Twilight Council  
  35  4:15  Probe (Chrono Boost)  
  36  4:21  Shield Battery, Stalker  
  36  4:23  Probe (Chrono Boost)  
  40  4:25  Probe (Chrono Boost)  
  40  4:30  Probe x2 (Chrono Boost)  
  42  4:42  Probe (Chrono Boost)  
  42  4:43  Blink (Chrono Boost)  
  44  4:47  Probe (Chrono Boost), Stalker  
  44  4:49  Probe (Chrono Boost)  
  44  4:52  Pylon  
  47  4:53  Probe  
  47  4:56  Probe  
  47  4:57  Stalker  
  51  5:03  Stalker  
  51  5:05  Probe  
  54  5:16  Stalker  
  54  5:20  Robotics Facility  
  54  5:21  Stalker  
  58  5:24  Probe  
  58  5:26  Probe, Pylon  
  60  5:29  Stalker  
  62  5:38  Assimilator  
  62  5:44  Stalker  
  62  5:47  Stalker  
  66  5:56  Stalker  
  68  5:58  Nexus  
  68  6:00  Probe  
  69  6:08  Observer (Chrono Boost)  
  69  6:11  Pylon  
  70  6:12  Shield Battery  
  70  6:16  Forge  
  70  6:29  Probe  
  70  6:30  Stalker x3  
  76  6:32  Probe  
  76  6:41  Probe (Chrono Boost)  
  76  6:47  Probe (Chrono Boost)  
  76  6:52  Protoss Ground Weapons Level 1 (Chrono Boost)  
  76  6:53  Probe (Chrono Boost)  
  77  6:56  Pylon  
  77  6:57  Pylon  
  77  6:59  Stalker  
  78  7:02  Probe x2 (Chrono Boost)  
  75  7:09  Immortal, Probe (Chrono Boost)  
  75  7:11  Probe (Chrono Boost)  
  75  7:13  Stalker x2  
  75  7:15  Probe (Chrono Boost)  
  80  7:21  Probe (Chrono Boost)  
  82  7:25  Probe (Chrono Boost)  
  82  7:26  Probe (Chrono Boost)  
  82  7:27  Probe (Chrono Boost)  
  82  7:39  Stalker x3  
  82  7:42  Nexus  
  83  7:45  Probe  
  83  7:46  Probe  
  83  7:49  Probe  
  83  7:52  Gateway  
  83  7:54  Assimilator  
  83  7:57  Probe  
  84  8:00  Observer  
  84  8:02  Probe x2  
  84  8:04  Stalker x2  
  90  8:09  Probe  
  90  8:11  Observer (Chrono Boost)  
  92  8:13  Stalker  
  92  8:14  Probe x2, Pylon  
  92  8:19  Assimilator  
  96  8:21  Probe, Pylon  
  97  8:27  Gateway  
  97  8:29  Gateway  
  97  8:31  Stalker  
  97  8:33  Stalker  
  101  8:35  Probe x2  
  101  8:38  Shield Battery  
  103  8:43  Stalker  
  103  8:47  Probe  
  106  8:48  Probe  
  106  8:50  Photon Cannon  
  106  8:52  Photon Cannon  
  106  8:55  Stalker  
  109  8:59  Stalker  
  112  9:02  Probe  
  112  9:03  Probe x2  
  112  9:09  Stalker x2  
  118  9:15  Protoss Ground Weapons Level 2 (Chrono Boost)  
  118  9:19  Stalker  
  115  9:26  Stalker x3  
  115  9:29  Immortal (Chrono Boost)  
  123  9:33  Stalker x2  
  123  9:40  Probe  
  116  9:47  Stalker  
  116  9:49  Charge (Chrono Boost)  
  116  9:52  Stalker x3  
  122  10:02  Observer (Chrono Boost), Stalker x2  
  122  10:03  Nexus  
  122  10:04  Probe x2, Pylon  
  122  10:05  Probe  
  130  10:15  Stalker x4  
  130  10:20  Probe  
  139  10:21  Pylon  
  139  10:23  Probe  
  139  10:25  Photon Cannon  
  139  10:26  Shield Battery  
  139  10:27  Sentry x2  
  144  10:34  Gateway  
  144  10:35  Gateway  
  144  10:39  Stalker x2  
  144  10:40  Stalker  
  150  10:44  Zealot  
  150  10:46  Probe x3  
  155  10:50  Pylon  
  155  10:52  Pylon  
  155  10:56  Pylon  
  155  11:00  Stalker  
  155  11:13  Stalker x5  
  155  11:15  Photon Cannon  
  155  11:18  Pylon  
  165  11:19  Warp Prism (Chrono Boost), Pylon  
  165  11:25  Gateway  
  167  11:26  Gateway, Stalker  
  167  11:28  Stalker  
  167  11:32  Stalker  
  173  11:37  Stalker x3  
  179  11:51  Stalker x3  
  183  11:59  Zealot x2  
  183  12:00  Zealot x3  
  175  12:17  Zealot x3  
  175  12:20  Stalker x3  
  175  12:21  Stalker x4  
  183  12:29  Probe  
  167  12:30  Probe x2  
  167  12:35  Immortal  
  170  12:39  Zealot x3, Gateway  
  170  12:41  Gateway  
  168  12:45  Zealot x6  
  168  12:48  Nexus  
  174  13:02  Zealot x4  
Show
View Real Time Build Order
Export as new Build Order

Astrea Protoss 

Build Orders: Phoenix Opening 

Get SALT Encoding   

  12  0:00  Probe  
  13  0:12  Probe  
  14  0:17  Pylon  
  14  0:24  Probe (Chrono Boost)  
  15  0:36  Probe (Chrono Boost)  
  15  0:37  Gateway  
  16  0:43  Probe (Chrono Boost)  
  16  0:46  Assimilator  
  17  0:51  Probe  
  18  1:03  Probe (Chrono Boost)  
  19  1:15  Probe (Chrono Boost), Pylon  
  19  1:17  Assimilator  
  20  1:22  Probe (Chrono Boost)  
  21  1:27  Cybernetics Core  
  21  1:29  Probe  
  22  1:34  Zealot  
  24  1:41  Probe  
  25  1:53  Probe  
  27  2:09  Stargate  
  27  2:17  Nexus  
  27  2:18  Probe  
  27  2:26  Stalker  
  29  2:31  Probe  
  29  2:36  Pylon  
  30  2:39  Warp Gate  
  30  2:43  Probe  
  31  2:55  Phoenix (Chrono Boost)  
  33  3:02  Probe  
  34  3:11  Shield Battery  
  34  3:12  Stalker  
  34  3:14  Probe  
  34  3:19  Phoenix (Chrono Boost)  
  37  3:26  Probe  
  36  3:36  Phoenix (Chrono Boost)  
  34  3:44  Probe  
  34  3:47  Probe  
  35  3:52  Shield Battery  
  33  3:59  Probe (Chrono Boost)  
  35  4:04  Probe (Chrono Boost)  
  35  4:08  Probe (Chrono Boost)  
  36  4:12  Probe (Chrono Boost)  
  40  4:17  Probe (Chrono Boost)  
  40  4:21  Twilight Council  
  40  4:23  Oracle (Chrono Boost), Probe (Chrono Boost)  
  42  4:28  Probe x2 (Chrono Boost)  
  44  4:37  Probe  
  44  4:40  Gateway x2, Probe  
  45  4:46  Shield Battery  
  45  4:49  Probe  
  45  4:52  Probe, Blink (Chrono Boost)  
  47  5:01  Probe  
  47  5:04  Probe, Stalker  
  47  5:05  Assimilator  
  51  5:08  Pylon  
  51  5:27  Stalker, Pylon  
  53  5:30  Nexus  
  53  5:31  Pylon  
  53  5:35  Stalker  
  53  5:38  Stalker  
  53  5:42  Probe  
  58  5:43  Probe  
  59  5:50  Stalker  
  59  5:53  Pylon  
  59  5:54  Probe  
  59  5:55  Probe  
  63  5:59  Stalker  
  65  6:04  Stalker  
  65  6:06  Probe  
  65  6:07  Probe  
  65  6:11  Shield Battery  
  68  6:18  Probe  
  69  6:20  Probe  
  69  6:22  Stalker x2  
  73  6:34  Probe  
  73  6:35  Stalker  
  73  6:36  Probe  
  73  6:38  Pylon  
  77  6:46  Probe  
  74  6:47  Probe  
  74  6:50  Stalker x2  
  74  6:52  Probe  
  80  6:58  Probe  
  80  6:59  Probe, Stalker  
  84  7:05  Probe  
  77  7:10  Probe  
  77  7:13  Shield Battery  
  77  7:14  Stalker  
  77  7:15  Stalker  
  76  7:16  Probe  
  76  7:17  Probe  
  76  7:20  Robotics Facility  
  76  7:22  Probe  
  77  7:24  Shield Battery  
  77  7:26  Stalker  
  77  7:28  Probe  
  77  7:34  Probe  
  75  7:37  Stalker  
  75  7:38  Stalker  
  75  7:41  Probe  
  75  7:43  Probe  
  78  7:50  Charge (Chrono Boost), Probe  
  79  7:52  Gateway  
  79  7:53  Gateway  
  79  7:56  Probe, Gateway  
  79  7:57  Gateway  
  80  7:58  Stalker  
  80  8:01  Probe  
  80  8:02  Probe, Pylon  
  80  8:04  Gateway  
  84  8:10  Probe  
  84  8:11  Observer (Chrono Boost)  
  86  8:13  Probe, Stalker x2  
  86  8:17  Forge  
  86  8:18  Probe  
  92  8:20  Assimilator  
  92  8:21  Pylon  
  92  8:26  Stalker  
  94  8:28  Observer  
  94  8:31  Pylon  
  95  8:36  Stalker x2  
  99  8:41  Nexus  
  99  8:45  Protoss Ground Weapons Level 1 (Chrono Boost)  
  99  8:50  Stalker x3  
  105  8:57  Stalker x2  
  105  9:01  Pylon  
  109  9:09  Stalker x2  
  113  9:12  Zealot  
  113  9:14  Zealot x3  
  116  9:32  Probe  
  116  9:36  Stalker x6  
  115  9:50  Zealot x2  
  115  9:51  Probe  
  115  9:52  Probe x2  
  118  9:54  Probe  
  118  9:57  Photon Cannon  
  118  9:59  Shield Battery  
  117  10:00  Stalker x3  
  117  10:03  Zealot  
  117  10:04  Probe  
  126  10:13  Stalker x4  
  134  10:17  Observer  
  134  10:19  Probe x4  
  138  10:22  Pylon  
  138  10:28  Stalker x2  
  138  10:30  Zealot x2  
  138  10:33  Shield Battery  
  138  10:35  Pylon  
  146  10:39  Zealot  
  146  10:41  Protoss Ground Weapons Level 2 (Chrono Boost)  
  147  10:43  Assimilator  
  147  10:45  Zealot x3  
  153  10:55  Stalker x4  
  161  11:08  Zealot  
  161  11:09  Observer  
  163  11:12  Pylon  
  163  11:13  Pylon  
  163  11:14  Pylon  
  163  11:15  Photon Cannon  
  163  11:17  Pylon  
  163  11:19  Gateway  
  163  11:21  Gateway  
  163  11:25  Assimilator  
  163  11:27  Robotics Facility, Robotics Bay  
  163  11:29  Observer (Chrono Boost)  
  164  11:37  Zealot x7  
  164  11:39  Zealot  
  178  11:51  Observer  
  172  11:59  Zealot x6  
  172  12:00  Zealot x2  
  171  12:13  Disruptor (Chrono Boost)  
  171  12:14  Stalker  
  160  12:21  Disruptor (Chrono Boost)  
  138  12:24  Stalker x6  
  138  12:25  Zealot  
  138  12:28  Zealot  
  138  12:33  Stalker  
  126  12:42  Stalker  
  121  12:44  Disruptor (Chrono Boost)  
  103  12:58  Zealot x7  
  103  12:59  Zealot  
  97  13:08  Zealot x2  
Tags
 
Add a new tag
Caveats
  • Supply blocks, unpowered buildings, or Contaminate may cause inaccurate times.
  • Supply counts are checked every 10 seconds.